AoeStats
← Iguano Pop

Pilgrims

507911845Analyzed
3v3 RM · 13d ago on Sep 20, 2026· 46m 26s· 6 players
Game mode
Random Map
Map size
Normal (6 player)
Population
200
Speed
Normal
Resources
Standard
Victory
Conquest
Starting age
Dark Age
Ending age
Imperial Age
RankedLock teamsTeams togetherTeam positionsShared explorationLock speedFull tech treeHidden civsTurbo modeCheats
Victory
Defeat
🇲🇽 Inca · Mexico
1313
+12
🇷🇺 Dravidians · Russia
1213
+16
🇯🇵 Tatars · Japan
1118
+20
🇦🇺 Italians · Australia
1266
-18
🇦🇺 Vietnamese · Australia
1227
-17
🇦🇺 Huns · Australia
1153
-13
Simo
9:45 Feudal Age
13:45 Fletching
19:30 Loom
24:07 Castle Age
22:14 Padded Archer Armor
24:12 Crossbowman
24:54 Bodkin Arrow
captainmcawesome95
13:58 Feudal Age
18:24 Fishing Lines
20:24 Double-Bit Axe
28:00 Castle Age
29:04 Bow Saw
29:27 Medium Warships
35:50 Careening
35:51 Clinker Construction
36:32 Gillnets
42:17 Imperial Age
44:15 Ballistics
46:24 Wheelbarrow
45:39 Loom
smashbot
10:17 Loom
12:45 Feudal Age
13:36 Double-Bit Axe
14:05 Fletching
15:54 Fishing Lines
21:58 Castle Age
20:36 Wheelbarrow
19:47 Town Watch
22:51 Medium Warships
22:39 Bodkin Arrow
23:07 Bow Saw
23:56 Ballistics
23:48 Clinker Construction
23:48 Careening
23:55 Careening
23:56 Clinker Construction
23:54 Gillnets
23:25 Demolition Ship
24:11 Gold Mining
24:12 Stone Mining
25:30 Treadmill Crane
30:07 Imperial Age
31:07 Imperial Age
29:15 Silk Road
29:40 Caravan
30:39 Padded Archer Armor
32:13 Heavy Warships
32:11 Carvel Hull
32:12 Dry Dock
32:07 Bracer
33:05 Conscription
34:26 Chemistry
33:32 Siphons
36:38 Hoardings
38:46 Shipwright
44:01 Onager
45:00 Masonry
46:03 Forging
45:53 Scale Mail Armor
46:09 Leather Archer Armor
hohoho
9:01 Loom
11:31 Feudal Age
12:02 Double-Bit Axe
12:13 Fishing Lines
17:33 Castle Age
15:48 Forging
15:39 Horse Collar
16:21 Fletching
17:13 Bloodlines
20:06 Scale Barding Armor
22:47 Wheelbarrow
23:04 Bodkin Arrow
27:21 Heavy Plow
33:22 Imperial Age
33:37 Chain Barding Armor
34:39 Iron Casting
34:49 Bracer
37:00 Hand Cart
37:50 Onager
39:36 Siege Engineers
39:53 Ballistics
39:31 Light Cavalry
40:11 Husbandry
41:03 Devotion
41:45 Elite Keshik
42:37 Timurid Siegecraft
42:49 Conscription
42:29 Silk Armor
46:52 Gold Mining
46:53 Stone Mining
Ged Opi
8:49 Loom
11:45 Feudal Age
13:05 Double-Bit Axe
21:36 Wheelbarrow
22:12 Gold Mining
24:48 Castle Age
26:36 Hand Cart
27:00 Bow Saw
28:05 Elite Skirmisher
30:34 Horse Collar
35:08 Heavy Plow
36:44 Town Watch
37:14 Stone Mining
37:17 Fletching
37:27 Padded Archer Armor
37:55 Thumb Ring
38:26 Ballistics
38:53 Bodkin Arrow
39:13 Leather Archer Armor
42:45 Imperial Age
42:46 Scale Barding Armor
43:12 Town Patrol
44:31 Chemistry
43:34 Bracer
45:48 Ring Archer Armor
45:49 Conscription
47:06 Medical Corps
Iguano Pop
4:20 Loom
11:37 Feudal Age
15:17 Castle Age
15:59 Demolition Ship
18:49 Wheelbarrow
18:42 Medium Warships
20:21 Fletching
20:14 Horse Collar
20:22 Double-Bit Axe
20:20 Horse Collar
22:03 Bodkin Arrow
27:26 Ballistics
31:12 Imperial Age
30:11 Hand Cart
29:42 Town Watch
32:30 Heavy Warships
32:33 Bracer
36:25 Chemistry
36:27 Padded Archer Armor
36:38 Crossbowman
37:34 Leather Archer Armor
38:21 Conscription
38:10 Thumb Ring
38:12 Arbalester
39:20 Masonry
40:53 Hoardings
40:22 Town Patrol
40:53 Ring Archer Armor
42:58 Heavy Plow
42:49 Gold Mining
42:50 Stone Mining
43:10 Bow Saw
43:20 Bow Saw
45:36 Sanctity
Connection lost

Rejoining the realm…

Still unreachable

The connection could not be restored.

Session expired

The server has moved on; the page needs a fresh start.